 Dungeon Crawl Stone Soup version 0.31-a0-121-g1e386dd289 (webtiles) character file.

Game seed: 4546403526808735948

2420 erloom the Insei (level 9, 0/71 HPs)
             Began as a White Draconian Transmuter on May 31, 2023.
             Was an Initiate of Okawaru.
             Slain by Joseph
             ... wielding a +2 spectral quarterstaff
              (21 damage)
             ... on level 7 of the Dungeon.
             The game lasted 00:15:31 (6891 turns).

erloom the Insei (White Draconian Transmuter)       Turns: 6891, Time: 00:15:31

Health: 0/71       AC:  6    Str: 12    XL:     9   Next: 24%
Magic:  13/15      EV: 26    Int: 18    God:    Okawaru [......]
Gold:   441        SH:  0    Dex: 17    Spells: 8/16 levels left

rFire   . .          .
                       - Unarmed
rCold   . . .        (shield currently unavailable)
rNeg    . . .        (body armour unavailable)
rPois   x            (helmet currently unavailable)
rElec   .            (cloak currently unavailable)
rCorr   .            (gloves currently unavailable)
SInv    .            p - melded +0 pair of boots
Will    .....        n - amulet of regeneration
Stlth   ++           h - +5 ring of evasion
HPRegen 1.11/turn    D - +4 ring of protection
MPRegen 0.14/turn

%: no passive effects
@: spider-form
A: venomous fangs, (breathe frost), AC +7, tiny, unfitting armour, (cold
resistance 1), (cold-blooded)
a: End Transformation, Renounce Religion


You were on level 7 of the Dungeon.
You worshipped Okawaru.
Okawaru was noncommittal.
You were a venomous arachnid creature.
You visited 2 branches of the dungeon, and saw 8 of its levels.

You collected 441 gold pieces.

Inventory:

Armour
 p - a +0 pair of boots (melded)
Jewellery
 h - a +5 ring of evasion (left front pincers)
 n - an amulet of regeneration (around neck)
 s - a ring of protection from cold
 w - a ring of fire
 D - a +4 ring of protection (right front pincers)
Wands
 v - a wand of flame (12)
 y - a wand of roots (10)
 A - a wand of light (8)
Scrolls
 d - a scroll of poison {unknown}
 e - 4 scrolls of identify {unknown}
 f - 2 scrolls of teleportation {unknown}
 g - a scroll of silence {unknown}
 i - a scroll of vulnerability {unknown}
 j - 2 scrolls of amnesia {unknown}
 l - a scroll of butterflies {unknown}
 m - a scroll of blinking {unknown}
 q - a scroll of fog {unknown}
 r - 3 scrolls of enchant weapon {unknown}
 u - a scroll of acquirement {unknown}
 x - 2 scrolls of magic mapping {unknown}
 z - 2 scrolls of immolation {unknown}
 F - 4 scrolls of fear {unknown}
 G - a scroll of torment {unknown}
Potions
 a - a potion of lignification
 b - a potion of resistance {unknown}
 c - 4 potions of curing {unknown}
 k - a potion of degeneration {unknown}
 o - 2 potions of enlightenment {unknown}
 t - 4 potions of berserk rage
 B - a potion of magic {unknown}
 C - 2 potions of mutation {unknown}
 E - a potion of might {unknown}


   Skills:
 - Level 4.0 Fighting
 + Level 3.6 Dodging
 - Level 2.0 Stealth
 + Level 7.8 Unarmed Combat
 - Level 4.0 Spellcasting
 - Level 6.0 Transmutations
 + Level 3.7 Ice Magic
 - Level 3.0 Poison Magic
 + Level 1.5 Invocations


You had 8 spell levels left.
You knew the following spells:

 Your Spells              Type           Power      Damage    Failure   Level
a - Beastly Appendage     Tmut           50%        N/A       6%          1
b - Spider Form           Tmut/Pois      19%        N/A       19%         3
c - Ice Form              Ice/Tmut       21%        N/A       41%         4

Your spell library contained the following spells:

 Spells                   Type           Power      Damage    Failure   Level
 Wereblood                Tmut           25%        N/A       8%          2
 Sting                    Tmut/Pois      76%        1d6       9%          1
 Poisonous Vapours        Pois/Air       18%        N/A       28%         2
 Ignite Poison            Fire/Tmut/Pois 14%        N/A       30%         3
 Cigotuvi's Dreadful Rot  Necr/Pois/Air  14%        N/A       32%         2
 Static Discharge         Conj/Air       6%         2-3/arc   43%         2
 Olgreb's Toxic Radiance  Pois           14%        N/A       61%         4
 Airstrike                Air            1%         2d(1-17)  93%         4
 Freezing Cloud           Conj/Ice/Air   4%         6-21      98%         5
 Summon Small Mammal      Summ           Unusable   N/A       N/A         1
 Call Canine Familiar     Summ           Unusable   N/A       N/A         3
 Summon Guardian Golem    Hex/Summ       Unusable   N/A       N/A         3
 Summon Lightning Spire   Summ/Air       Unusable   N/A       N/A         4

Dungeon Overview and Level Annotations

Branches:
Dungeon (7/15)             Temple (1/1) D:7

Altars:
Ashenzari
Cheibriados
Dithmenos
Elyvilon
Fedhas
Gozag
Kikubaaqudgha
Makhleb
Nemelex Xobeh
Okawaru
Qazlal
Ru
Sif Muna
Trog
Uskayaw
Vehumet
Wu Jian
Xom
Yredelemnul
Zin
The Shining One

Shops:
D:2 :

Annotations:
D:7 Joseph, Maggie


Innate Abilities, Weirdness & Mutations

You are a venomous arachnid creature.
You have venomous fangs.
You are tiny and dextrous.
Your spellcasting is less reliable in this form.
Your armour is entirely melded.
You are incapable of wielding weapons or throwing items.
((You can breathe waves of freezing cold which knock back foes.))
((Your icy white scales are hard. (AC +7)))
You cannot fit into any form of body armour.
((Your flesh is cold resistant. (rC+)))
((You are cold-blooded and may be slowed by cold attacks.))


Message History

A +2 spectral quarterstaff comes into view.
You hit Joseph but do no damage.
Joseph is poisoned.
You hit Joseph but do no damage.
Joseph looks even sicker.
Joseph is lightly wounded.
Joseph hits you with a +2 spectral quarterstaff.
The +2 spectral quarterstaff completely misses you.
You hit Joseph but do no damage.
Joseph is lightly wounded.
Joseph hits you with a +2 spectral quarterstaff.
The +2 spectral quarterstaff hits you.
You hit Joseph.
Joseph looks as sick as possible!
Joseph is lightly wounded.
Joseph hits you with a +2 spectral quarterstaff!
The +2 spectral quarterstaff hits you but does no damage.
You bite Joseph!
Joseph looks as sick as possible!
Joseph is moderately wounded.
Joseph completely misses you. The +2 spectral quarterstaff hits you!
You bite Joseph!
Joseph looks as sick as possible!
Joseph is heavily wounded.
Joseph hits you with a +2 spectral quarterstaff.
The +2 spectral quarterstaff barely misses you.
You hit Joseph.
Joseph looks as sick as possible!
Joseph is severely wounded.
Joseph hits you with a +2 spectral quarterstaff!
The +2 spectral quarterstaff completely misses you.
You barely miss Joseph.
Joseph is severely wounded.
Joseph misses you.
The +2 spectral quarterstaff completely misses you.
You hit Joseph.
Joseph is severely wounded.
Unknown command.
You bite Joseph!
Joseph is almost dead.
Joseph hits you with a +2 spectral quarterstaff.
The +2 spectral quarterstaff hits you!
* * * LOW HITPOINT WARNING * * *
Joseph attacks as you move away!
Joseph hits you with a +2 spectral quarterstaff!!
You die...

#.#.##...........#....#.8.#
##....+.....................
#....#+............###.8.>.8
#.###....###...###.# #......
#.###....#_#...#_#.# #.#.8.#
....##.##.....#.##.##.#.# #......
....##........#..#.#..#.###......
....#####....##.@###..#...#......
........+....##.s(#...#..........
........#....##...#...#..........
.............##.......##.........
............##.........##........
..>.<......##...8...8...##.......
....##....##.............##......
....##....#_..8...⌠...8...'.....#
######....##.............##..####
#....###...8...8...##..##


You could see Joseph (extremely poisoned) and a +2 spectral quarterstaff.

Vanquished Creatures
  Grinder (D:3)
  2 water moccasins
  3 ice beasts
  2 ogres
  2 centaurs
  A phantom (D:4)
  A kobold brigand (D:6)
  2 gnoll sergeants (D:6)
  A scorpion (D:5)
  5 killer bees
  A howler monkey (D:6)
  A crimson imp (D:6)
  3 hounds
  2 jellies
  2 gnoll boudas
  A sleepcap (D:4)
  Terence (D:3)
  2 iguanas (D:5)
  An orc wizard (D:4)
  Robin (D:2)
  22 gnolls
  10 adders
  A white imp (D:6)
  6 worms
  A dart slug (D:3)
  8 orcs
  7 endoplasms
  5 giant cockroaches
  16 goblins
  10 hobgoblins
  3 jackals (D:3)
  17 kobolds
  7 quokkas
  7 ball pythons
  8 bats
  3 frilled lizards
  4 rats
170 creatures vanquished.

Notes
Turn   | Place    | Note
-------+----------+-------------------------------------------
     0 | D:1      | erloom the Draconian Transmuter began the quest for the
                  | Orb.
     0 | D:1      | Reached XP level 1. HP: 16/16 MP: 3/3
    76 | D:1      | Found a faded altar of an unknown god.
   178 | D:1      | Reached XP level 2. HP: 18/23 MP: 5/5
   478 | D:1      | Reached skill level 4 in Unarmed Combat
   777 | D:1      | Reached XP level 3. HP: 14/28 MP: 6/6
  1047 | D:2      | You fall into a shaft and drop 2 floors!
  1241 | D:4      | Reached skill level 1 in Stealth
  1241 | D:4      | Reached XP level 4. HP: 30/35 MP: 7/7
  1298 | D:4      | Noticed a phantom
  1316 | D:4      | Killed a phantom
  1317 | D:4      | Reached skill level 5 in Unarmed Combat
  1317 | D:4      | Reached XP level 5. HP: 31/40 MP: 6/8
  1323 | D:4      | Learned a level 3 spell: Spider Form
  1646 | D:2      | Found Mutheudu's Book Emporium.
  1915 | D:2      | Found a snail-covered altar of Cheibriados.
  1982 | D:2      | Noticed Robin
  2011 | D:2      | Killed Robin
  2012 | D:2      | Reached skill level 1 in Poison Magic
  2543 | D:3      | Noticed Terence
  2855 | D:3      | Noticed Grinder
  3176 | D:3      | Found a shimmering altar of Xom.
  3219 | D:3      | Found a shimmering altar of Xom.
  3219 | D:3      | Found a shimmering altar of Xom.
  3442 | D:4      | Reached XP level 6. HP: 44/47 MP: 10/10
  3808 | D:5      | Entered Level 5 of the Dungeon
  4087 | D:5      | Your scales start taking on an icy white colour.
  4087 | D:5      | Reached XP level 7. HP: 52/52 MP: 9/13
  4087 | D:5      | Gained mutation: Your flesh is cold resistant. (rC+) [White
                  | Draconian growth]
  4186 | D:5      | Reached skill level 5 in Transmutations
  4323 | D:3      | Killed Terence
  4376 | D:3      | Paralysed by Grinder for 3 turns
  4445 | D:3      | Paralysed by Grinder for 4 turns
  4453 | D:3      | Killed Grinder
  4454 | D:3      | Reached XP level 8. HP: 52/61 MP: 11/14
  4611 | D:4      | Learned a level 4 spell: Ice Form
  4657 | D:5      | Reached skill level 6 in Unarmed Combat
  4890 | D:5      | Found a stormy altar of Qazlal.
  5330 | D:6      | Reached skill level 7 in Unarmed Combat
  5418 | D:6      | Reached skill level 1 in Ice Magic
  6180 | D:6      | Reached XP level 9. HP: 20/70 MP: 12/15
  6507 | D:7      | Found a staircase to the Ecumenical Temple.
  6520 | Temple   | Entered the Ecumenical Temple
  6602 | Temple   | Became a worshipper of Warmaster Okawaru
  6677 | D:7      | Reached skill level 1 in Invocations
  6732 | D:7      | Noticed Maggie
  6757 | D:7      | Found a white marble altar of Elyvilon.
  6844 | D:7      | Found a shimmering blue altar of Sif Muna.
  6849 | D:7      | Found a snail-covered altar of Cheibriados.
  6849 | D:7      | Found an opulent altar of Gozag.
  6858 | D:7      | Noticed Joseph
  6874 | D:7      | Found a burning altar of Makhleb.
  6878 | D:7      | Found a glowing golden altar of the Shining One.
  6891 | D:7      | Slain by Joseph

Illustrated notes

Levels and vault maps discovered:
D:1:      minmay_arrival_open_corners, layout_rooms,
          shapermc_ecumenical_altar_gd
D:2:      layout_loops_cross, serial_shops, shop, basic_altar, eino_curves_01,
          nicolae_kite_square_tiling_tiny, lightli_corner_chamber, uniq_robin
D:3:      layout_loops_cross, xom_redecorated, uniq_terence, uniq_grinder
D:4:      layout_loops_ring, serial_glass, glass_columns_a, glass_columns_a,
          glass_columns_a, glass_columns_a, minmay_bisected
D:5:      layout_rooms, lemuel_tele_altar, grunt_ministairs_3,
          kennysheep_generic_room_15
D:6:      layout_layer_cave, minmay_fire_ice_demons
D:7:      layout_basic, mainiacjoe_overflow_brackets,
          minmay_overflow_temple_star_hex, minmay_temple_entry_statues_pillars,
          uniq_joseph, uniq_prince_ribbit1, uniq_maggie
Temple:   dshaligram_water_room_temple

Skill      XL: |  1  2  3  4  5  6  7  8  9 |
---------------+----------------------------+-----
Unarmed Combat | 4 5 7 |  7.8
Stealth        | 1 2 |  2.0
Poison Magic   | 1 3 |  3.0
Transmutations | 3 4 5 6 |  6.0
Spellcasting   | 3 4 |  4.0
Dodging        | 2 3 |  3.6
Fighting       | 2 3 4 |  4.0
Ice Magic      | 3 |  3.7
Invocations    | 1 |  1.5

Action                     |  1- 3 |  4- 6 |  7- 9 || total
---------------------------+-------+-------+-------++-------
  Melee: Unarmed           |   158 |   284 |   264 ||   706
         Tailslap          |    19 |    37 |     9 ||    65
         Punch             |     7 |     4 |     2 ||    13
         Kick              |       |    13 |     3 ||    16
         Headbutt          |       |     5 |     1 ||     6
   Cast: Beastly Appendage |       |     5 |     3 ||     8
         Spider Form       |       |     1 |    22 ||    23
Ability: Breathe Frost     |       |       |     4 ||     4
   Stab: Sleeping          |     3 |     5 |       ||     8
 Armour: Skin              |    45 |    82 |    31 ||   158
  Dodge: Dodged            |    85 |   205 |   345 ||   635

Table legend: (Time is in decaauts)
 A = Elapsed time spent in this place.
 B = Non-inter-level travel time spent in this place.
 C = Inter-level travel time spent in this place.
 D = Time resting spent in this place.
 E = Time spent auto-exploring this place.
 F = Levels seen in this place.
 G = Mean time per level.
                   A        B        C        D        E       F      G
               +--------+--------+--------+--------+--------+-----+--------+
         Total |   6832 |   6413 |    419 |    203 |   4044 |   8 |  854.0 |
       Dungeon |   6736 |   6325 |    411 |    203 |   3980 |   7 |  962.3 |
        Temple |     95 |     87 |      8 |      0 |     64 |   1 |   95.0 |
               +--------+--------+--------+--------+--------+-----+--------+

Top non-repeatable levels by time:
     D:6: 1339 daAuts
     D:4: 1170 daAuts
     D:3: 1167 daAuts
     D:2: 1125 daAuts
     D:5: 835 daAuts
     D:1: 774 daAuts
     D:7: 323 daAuts
  Temple: 95 daAuts
